 Dungeon Crawl Stone Soup version 0.20.1-1-g8b1a95d (webtiles) character file.

114 Hylith the Chopper (level 4, -8/41 HPs)
             Began as a Minotaur Berserker on Dec 25, 2017.
             Was a Believer of Trog.
             Killed by divine providence
             ... invoked by an orc priest
              (10 damage)
             ... on level 3 of the Dungeon.
             The game lasted 00:04:28 (1609 turns).

Hylith the Chopper (Minotaur Berserker)             Turns: 1609, Time: 00:04:29

Health: -8/41      AC: 11    Str: 22    XL:     4   Next: 67%
Magic:  3/3        EV:  8    Int:  4    God:    Trog [**....]
Gold:   111        SH:  0    Dex: 10    Spells: 3/3 levels left

rFire    . . .     SeeInvis .   t - +0 war axe
rCold    . . .     Gourm    .   (no shield)
rNeg     . . .     Faith    .   e - +0 chain mail
rPois    .         Spirit   .   (helmet restricted)
rElec    .         Reflect  .   (no cloak)
rCorr    .         Harm     .   m - +1 pair of gloves
MR       .....                  (no boots)
Stlth    ..........             (no amulet)
Regen    0.2/turn               (no ring)
MPRegen  0.1/turn               (no ring)

@: drained
A: retaliatory headbutt, horns 2
a: Berserk, Trog's Hand, Burn Spellbooks, Renounce Religion


You were on level 3 of the Dungeon.
You worshipped Trog.
Trog was pleased with you.
You were not hungry.

You visited 1 branch of the dungeon, and saw 3 of its levels.

You collected 111 gold pieces.

Inventory:

Hand Weapons
 t - a +0 war axe (weapon)
Armour
 e - a +0 chain mail (worn)
 m - a +1 pair of gloves (worn)
Wands
 r - a wand of digging (10/24)
Scrolls
 d - 3 scrolls of teleportation {unknown}
 f - 5 scrolls of identify {unknown}
 j - a scroll of blinking {unknown}
 k - a scroll of random uselessness {unknown}
 n - a scroll of immolation {unknown}
 o - a scroll of amnesia {unknown}
 p - a scroll of fog {unknown}
Potions
 i - a potion of heal wounds {unknown}
 l - a potion of curing {unknown}
 q - a potion of degeneration {unknown}
Comestibles
 b - a royal jelly
 c - 2 bread rations
 g - 16 fruits
 h - a meat ration


   Skills:
 + Level 4.7(4.4) Fighting
 + Level 4.9(4.6) Axes
 + Level 3.5(3.3) Armour
 + Level 2.6(2.4) Dodging


You had 3 spell levels left.
You didn't know any spells.

Dungeon Overview and Level Annotations

Branches:
Dungeon (3/15)

Altars:
Dithmenos
Yredelemnul

Annotations:
D:3 2 transporters


Innate Abilities, Weirdness & Mutations

You reflexively headbutt those who attack you in melee.
You have a pair of horns on your head.


Message History

Your chain mail prevents you from hitting the orc.
The orc priest invokes the aid of Beogh against you.
Beogh smites you! The orc hits you with a hand axe.
The giant cockroach bites you but does no damage.
The orc priest invokes the aid of Beogh against you.
Beogh smites you!
* * * LOW HITPOINT WARNING * * *
The giant cockroach bites you but does no damage.
The orc hits you but does no damage.
The giant cockroach bites you but does no damage.
The orc throws a tomahawk.
The tomahawk hits you.
* * * LOW HITPOINT WARNING * * *
You see here a tomahawk.
You slash the giant cockroach!
You kill the giant cockroach!
Trog accepts your kill.
The orc throws a tomahawk.
The tomahawk barely misses you.
The orc priest mumbles some strange prayers to Beogh against you.
Beogh smites you!
You die...

#.##
#......)..#########...#
#.#
#...............[......
#.#
#.........#########....
#.# #.#.#.##### #....
#.# #.#.### #....
#.####.#.####
########..8.
#..........(#
#...........
######.#.##.#
#(......8... #.#.##@#
#........... #.#.##(#
#.........8)
#.#.##o##############..
#.#.##og.!.# #..
#.#.##.....# ##. .#.
#.....# #. #.)...# #.
#.....# #. .......# ##


You could see an orc priest, an orc and a goblin.

Vanquished Creatures
  A worker ant (D:3)
  2 adders (D:3)
  A gnoll (D:1)
  4 worms
  4 dart slugs
  2 orcs (D:3)
  A ball python (D:3)
  4 bats
  2 giant cockroaches
  6 goblins
  6 hobgoblins
  3 kobolds
  A quokka (D:2)
  4 frilled lizards
  4 rats
45 creatures vanquished.

Notes
Turn   | Place    | Note
-------+----------+-------------------------------------------
     0 | D:1      | Hylith the Minotaur Berserker began the quest for the Orb.
     0 | D:1      | Reached XP level 1. HP: 19/19 MP: 0/0
   180 | D:1      | Reached XP level 2. HP: 24/27 MP: 1/1
   434 | D:1      | Reached XP level 3. HP: 29/33 MP: 2/2
   771 | D:2      | Reached ** piety under Trog
   956 | D:3      | Found a transporter.
  1226 | D:3      | Reached XP level 4. HP: 36/41 MP: 3/3
  1266 | D:3      | Found a transporter.
  1366 | D:3      | Found a shadowy altar of Dithmenos.
  1451 | D:3      | Found a basalt altar of Yredelemnul.
  1607 | D:3      | HP: 2/41 [orc/tomahawk (2)]
  1609 | D:3      | Killed from afar by an orc priest

Skill      XL: |  1  2  3 |
---------------+----------+-----
Axes           | 4 |  4.9
Fighting       | 4 |  4.7
Armour         | 3 |  3.5
Dodging        | |  2.6

Action                   |  1- 3 |  4- 6 || total
-------------------------+-------+-------++-------
Melee: Hand axe          |    80 |    12 ||    92
       Headbutt          |    12 |     3 ||    15
       War axe           |       |     9 ||     9
  Eat: Chunk             |       |     2 ||     2
Armor: Chain mail        |    43 |    10 ||    53
Dodge: Dodged            |    31 |    12 ||    43
